 Dungeon Crawl Stone Soup version 0.29-a0-468-ge57f7f99b4 (webtiles) character file.

Game seed: 12344728217308158272

22169 hquester the Fighter (level 12, -14/126 HPs)
             Began as a Troll Berserker on May 21, 2022.
             Was a High Priest of Trog.
             Demolished by a phantasmal warrior (18 damage)
             ... led by a death knight
             ... on level 12 of the Dungeon.
             The game lasted 01:07:49 (11161 turns).

hquester the Fighter (Troll Berserker)             Turns: 11161, Time: 01:07:50

Health: -14/126    AC: 13    Str: 28    XL:     12   Next: 60%
Magic:  11/11      EV: 12    Int:  3    God:    Trog [*****.]
Gold:   769        SH:  0    Dex: 13    Spells: 11/11 levels left

rFire   . . .      SeeInvis +     - Unarmed
rCold   . . .      Faith    +   (no shield)
rNeg    . . .      Spirit   .   B - +0 acid dragon scales
rPois   +          Reflect  .   (helmet restricted)
rElec   .          Harm     .   w - +2 cloak
rCorr   +          Rampage  .   (gloves unavailable)
Will    .....                   (boots unavailable)
Stlth   +.........              p - amulet of faith
HPRegen 1.11/turn               r - ring of poison resistance
MPRegen 0.12/turn               a - ring of see invisible

@: weak-willed, on berserk cooldown, studying Throwing
A: large, unfitting armour, claws 3, regeneration 1, shaggy fur 1, tough skin 1
a: Renounce Religion, Berserk, Trog's Hand, Brothers in Arms


You were on level 12 of the Dungeon.
You worshipped Trog.
Trog was extremely pleased with you.
You visited 2 branches of the dungeon, and saw 14 of its levels.

You collected 769 gold pieces.

Inventory:

Hand Weapons
 b - a +0 morningstar
 e - a +3 mace
Missiles
 A - 7 large rocks (quivered)
Armour
 u - a +0 troll leather armour
 w - a +2 cloak (worn)
 B - +0 acid dragon scales (worn)
Jewellery
 a - a ring of see invisible (right claw)
 n - a ring of resist corrosion
 p - an amulet of faith (around neck)
 r - a ring of poison resistance (left claw)
 z - a ring of flight
 D - a ring of positive energy
 G - a ring of ice
Wands
 s - a wand of flame (12)
 v - a wand of acid (2)
 x - a wand of polymorph (3)
 K - a wand of paralysis (4)
Scrolls
 j - 5 scrolls of enchant weapon
 m - 3 scrolls of poison
 o - 2 scrolls of blinking
 t - 5 scrolls of immolation
 y - a scroll of fog
 E - a scroll of fear
 H - a scroll of magic mapping
Potions
 c - 2 potions of cancellation
 d - 4 potions of curing
 f - 3 potions of invisibility
 h - a potion of might
 i - 3 potions of lignification
 k - 2 potions of attraction
 l - 3 potions of flight
 C - a potion of ambrosia
 F - a potion of berserk rage


   Skills:
 + Level 10.0 Fighting
 + Level 4.7 Maces & Flails
 * Level 9.9 Throwing
 + Level 7.2 Armour
 + Level 7.5 Dodging
 + Level 9.0 Unarmed Combat


You had 11 spell levels left.
You didn't know any spells.
Your spell library was empty.

Dungeon Overview and Level Annotations

Branches:
Dungeon (13/15)            Temple (1/1) D:4            Lair (0/6) D:11
    Orc (0/2) D:12
 Vaults: D:13-14

Altars:
Ashenzari
Cheibriados
Dithmenos
Elyvilon
Fedhas
Gozag
Hepliaklqana
Kikubaaqudgha
Makhleb
Nemelex Xobeh
Okawaru
Qazlal
Ru
Sif Muna
Trog
Uskayaw
Vehumet
Wu Jian
Xom
Yredelemnul
Zin
The Shining One

Shops:
D:1 ?   D:8 [


Innate Abilities, Weirdness & Mutations

You are too large for most types of armour.
You have claws for hands.
Your natural rate of healing is unusually fast.
You are covered in fur. (AC +1)
You have tough skin. (AC +1)


Message History

Blink to where?
Press: ? - help, Dir - move target
As you read the scroll of blinking, it crumbles to dust.
You open the door. The phantasmal warrior gestures at you.
The phantasmal warrior blinks!
There is an open door here.
The phantasmal warrior gestures at you.
The phantasmal warrior blinks!
There is an open door here.
The phantasmal warrior gestures at you.
The phantasmal warrior blinks!
The phantasmal warrior hits you!
* * * LOW HITPOINT WARNING * * *
The phantasmal warrior gestures at you.
The phantasmal warrior blinks!
There is an open door, spattered with blood here.
There is an open door here.
You close the door.
Something unseen opens the door.
The phantasmal warrior gestures at you.
The phantasmal warrior blinks!
You closely miss the phantasmal warrior.
The phantasmal warrior barely misses you.
You scratch the phantasmal warrior.
The phantasmal warrior is lightly damaged.
The phantasmal warrior hits you!!
* * * LOW HITPOINT WARNING * * *
You claw the phantasmal warrior!
The phantasmal warrior is moderately damaged.
The phantasmal warrior hits you!!
* * * LOW HITPOINT WARNING * * *
The phantasmal warrior gestures at you.
The phantasmal warrior blinks!
You feel much better. The phantasmal warrior hits you!!
* * * LOW HITPOINT WARNING * * *
The phantasmal warrior hits you!
* * * LOW HITPOINT WARNING * * *
Your willpower is stripped away!
The phantasmal warrior hits you!!
You die...

....####.#
#.....######.......##
....'....# #.....#
#......... ....######
####'## #.....<.## ##'##
###...# ####.#### #)#
#...### #...# #)#
###'##### ####'##### #)#
#.......# #........# #.#
#.......#####........###
#.#
#......@'...#........#..
#.#
#.....WW###.#........'.#
#.### #.......#
#.'........### #...#
#.......# ###........#
###.# #.......#
######'### #.# #.......#
##)# #.# ###'##### #>[#
#.# #...## #.## #.#
###W.# #W#


You could see 2 phantasmal warriors.

Vanquished Creatures
  A hydra (D:11)
  2 boulder beetles
  A death knight (D:12)
  4 two-headed ogres
  The ghost of kairosrom117 the Firebug, a novice DrFE of Vehumet (D:8)
  2 phantasmal warriors
  Pikel (D:4)
  2 deep elf pyromancers (D:12)
  2 cyclopes (D:12)
  An ugly thing (D:12)
  3 gargoyles
  2 kobold demonologists (D:12)
  Maggie (D:10)
  3 trolls
  A hornet (D:6)
  6 slime creatures
  Sigmund (D:4)
  6 centaur simulacra (D:11)
  2 shadows (D:12)
  A water elemental (D:11)
  3 wyverns
  6 yaks
  A wraith (D:10)
  Menkaure (D:5)
  7 vampire mosquitoes (D:12)
  2 acid dragons
  A water moccasin (D:7)
  6 orc warriors
  3 ice beasts
  A sky beast (D:7)
  A black bear (D:11)
  An ogre (D:7)
  4 wolves (D:11)
  2 centaurs (D:10)
  3 phantoms
  8 kobold brigands
  8 bullfrogs
  3 necrophages
  2 scorpions
  15 wights
  11 killer bees
  An electric eel (D:11)
  2 howler monkeys
  4 jellies
  4 orc priests
  A hound (D:6)
  An iron imp (D:6)
  6 iguanas
  8 orc wizards
  3 gnolls (D:7)
  7 adders
  5 white imps
  3 ufetubi
  A worm (D:4)
  5 dart slugs
  27 orcs
  5 ball pythons
  2 bats
  7 endoplasms
  4 giant cockroaches
  6 goblins
  7 hobgoblins
  3 jackals (D:2)
  19 kobolds
  6 quokkas
  5 frilled lizards
  2 rats
276 creatures vanquished.

Vanquished Creatures (collateral kills)
  A centaur simulacrum (D:11)
  An acid dragon (D:11)
  A kobold (D:11)
3 creatures vanquished.

Vanquished Creatures (others)
  An orc (D:12)
  3 fungi (D:11)
  A plant (D:11)
5 creatures vanquished.

Grand Total: 284 creatures vanquished

Notes
Turn   | Place    | Note
-------+----------+-------------------------------------------
     0 | D:1      | hquester the Troll Berserker began the quest for the Orb.
     0 | D:1      | Reached XP level 1. HP: 22/22 MP: 0/0
     6 | D:1      | Noticed a wolf
     6 | D:1      | Noticed a black bear
     6 | D:1      | Noticed a rime drake
     7 | D:1      | Noticed a redback
     7 | D:1      | Noticed an iguana
   131 | D:1      | Reached XP level 2. HP: 29/29 MP: 1/1
   307 | D:1      | Reached XP level 3. HP: 35/36 MP: 2/2
   364 | D:1      | Found Tekk's Magic Scroll Boutique.
   470 | D:1      | Reached ** piety under Trog
   765 | D:2      | Reached skill level 3 in Fighting
   826 | D:2      | Reached skill level 1 in Armour
  1222 | D:2      | You fall into a shaft and drop 2 floors!
  1223 | D:4      | Noticed Sigmund
  1227 | D:4      | Noticed a necrophage
  1250 | D:4      | Reached XP level 4. HP: 8/45 MP: 3/3
  1268 | D:5      | Entered Level 5 of the Dungeon
  1268 | D:5      | Noticed a scorpion
  1287 | D:3      | Killed a necrophage
  1338 | D:3      | Noticed a bullfrog
  1344 | D:3      | Killed a bullfrog
  1345 | D:3      | Reached skill level 1 in Throwing
  1345 | D:3      | Reached XP level 5. HP: 53/53 MP: 4/4
  2248 | D:4      | Reached XP level 6. HP: 35/62 MP: 5/5
  2607 | D:4      | Killed Sigmund
  2608 | D:4      | Reached skill level 4 in Fighting
  2681 | D:4      | Noticed Pikel
  2697 | D:4      | Killed Pikel
  2698 | D:4      | Reached XP level 7. HP: 71/71 MP: 6/6
  2917 | D:4      | Found a staircase to the Ecumenical Temple.
  2934 | Temple   | Entered the Ecumenical Temple
  3198 | D:5      | Reached skill level 5 in Fighting
  3238 | D:5      | Reached XP level 8. HP: 63/77 MP: 7/7
  3262 | D:5      | Noticed Menkaure
  3267 | D:5      | Killed Menkaure
  3366 | D:5      | Found a shimmering altar of Xom.
  3550 | D:5      | Reached skill level 5 in Unarmed Combat
  3778 | D:6      | Reached *** piety under Trog
  3786 | D:6      | Reached skill level 6 in Fighting
  4095 | D:6      | Found a snail-covered altar of Cheibriados.
  4231 | D:6      | Reached XP level 9. HP: 89/89 MP: 8/8
  4335 | D:6      | Noticed a two-headed ogre
  4341 | D:6      | Killed a two-headed ogre
  4482 | D:6      | Reached skill level 5 in Dodging
  4612 | D:6      | Paralysed by a hornet for 1 turns
  4622 | D:6      | Reached skill level 7 in Fighting
  5342 | D:7      | Found a shadowy altar of Dithmenos.
  5479 | D:7      | Noticed a troll
  5482 | D:7      | Killed a troll
  5483 | D:7      | Reached skill level 5 in Throwing
  5835 | D:7      | Reached XP level 10. HP: 102/102 MP: 9/9
  5909 | D:7      | Reached **** piety under Trog
  6199 | D:8      | Found Cheibriados's Comfort Zone.
  6199 | D:8      | Found a snail-covered altar of Cheibriados.
  6216 | D:7      | Reached skill level 5 in Armour
  6290 | D:8      | Found a runed translucent gate.
  6538 | D:8      | Found a runed translucent gate.
  6538 | D:8      | Found a runed translucent gate.
  6540 | D:8      | Found an opulent altar of Gozag.
  6542 | D:8      | Noticed kairosrom117's ghost (novice DrFE)
  6784 | D:8      | Killed kairosrom117's ghost
  6785 | D:8      | Reached skill level 8 in Fighting
  7556 | D:10     | Entered Level 10 of the Dungeon
  7560 | D:10     | Noticed a two-headed ogre
  7568 | D:10     | Killed a two-headed ogre
  7569 | D:10     | Reached skill level 1 in Maces & Flails
  7614 | D:10     | Noticed a gargoyle
  7617 | D:10     | Killed a gargoyle
  7807 | D:10     | Reached XP level 11. HP: 83/113 MP: 10/10
  7894 | D:10     | Noticed Maggie
  7900 | D:10     | Killed Maggie
  7900 | D:10     | Reached ***** piety under Trog
  8555 | D:11     | Reached skill level 9 in Fighting
  8669 | D:11     | Noticed a five-headed hydra
  8757 | D:11     | Killed a six-headed hydra
  8881 | D:11     | HP: 2/172 [centaur warrior simulacrum (21)]
  9279 | D:11     | Found a staircase to the Lair.
  9290 | D:11     | Identified a scroll of acquirement
  9291 | D:11     | Acquired a manual of Throwing
  9482 | D:11     | Noticed a boulder beetle
  9680 | D:11     | Killed a boulder beetle
  9779 | D:12     | Noticed a two-headed ogre
  9789 | D:12     | Noticed a sixfirhy
  9800 | D:12     | Killed a two-headed ogre
  9801 | D:12     | Reached XP level 12. HP: 42/126 MP: 11/11
 10448 | D:12     | Noticed a two-headed ogre
 10455 | D:12     | Killed a two-headed ogre
 10707 | D:12     | Noticed a boulder beetle
 10716 | D:12     | Killed a boulder beetle
 10842 | D:12     | Upgraded the game from 0.29-a0-459-g97dee8cd24 to
                  | 0.29-a0-468-ge57f7f99b4
 10858 | D:12     | Found a staircase to the Orcish Mines.
 10979 | D:13     | Noticed a death knight
 11001 | D:12     | HP: 6/126 [phantasmal warrior[a death knight] (5)]
 11004 | D:12     | Reached skill level 10 in Fighting
 11114 | D:12     | Killed a death knight
 11158 | D:12     | HP: 5/126 [phantasmal warrior[a death knight] (19)]
 11161 | D:12     | Demolished by a phantasmal warrior

Illustrated notes

Levels and vault maps discovered:
D:1:      onia_arrival_zoo_common, layout_basic, serial_shops, shop,
          item_on_display_a
D:2:      layout_loops_cross, kennysheep_cross_room
D:3:      layout_basic, kennysheep_generic_room_12
D:4:      layout_basic, minmay_temple_entry_nine_rooms, uniq_sigmund, uniq_pikel
D:5:      layout_rooms, mainiacjoe_overflow_catwalk, uniq_menkaure
D:6:      layout_layer_cave, slow_altar_1, minmay_pentangle
D:7:      layout_basic, nicolae_dithmenos_the_darkroom, grunt_tough_drop
D:8:      layout_basic, ebering_ghost_gozag, nrook_mini_vaults,
          minmay_shop_chei, minmay_misc_feat_nine_boxes,
          eino_small_chamber_without_monster
D:9:      layout_irregular_city
D:10:     layout_cave_pods, glass_columns_a, uniq_maggie
D:11:     layout_big_octagon, grunt_lair_entry_orc_guard_hut, serial_ice,
          serial_ice_o, serial_ice_f, serial_ice_m, serial_ice_a, serial_ice_j,
          serial_ice_n, serial_ice_g, serial_ice_c
D:12:     layout_roguey, orc_0_dummy, kennysheep_opposing_triangles
D:13:     layout_loops_ring, david_vaults_5, chequers_serial_rivers_micro_d
Temple:   mainiacjoe_temple_bowtie_tessellation

Skill      XL: |  1  2  3  4  5  6  7  8  9 10 11 12 |
---------------+-------------------------------------+-----
Fighting       | 3 4 5 6 7 8 9 10 | 10.0
Armour         | 1 2 3 4 5 6 7 |  7.2
Throwing       | 1 2 3 5 6 7 9 |  9.9
Dodging        | 3 4 5 6 7 |  7.5
Unarmed Combat | 4 5 6 7 8 9 |  9.0
Maces & Flails | 1 3 4 |  4.7

Action                   |  1- 3 |  4- 6 |  7- 9 | 10-12 || total
-------------------------+-------+-------+-------+-------++-------
Melee: Unarmed           |   125 |    77 |   225 |   474 ||   901
       Punch             |     1 |       |     9 |    23 ||    33
       Dire flail        |       |       |       |    22 ||    22
Throw: Large rock        |       |     5 |     5 |    33 ||    43
Invok: Berserk           |     1 |     2 |     6 |    20 ||    29
       Trog's Hand       |       |     1 |     1 |     2 ||     4
       Brothers in Arms  |       |       |       |     2 ||     2
  Use: Scroll            |     5 |       |    12 |    11 ||    28
       Potion            |       |       |       |     5 ||     5
 Stab: Sleeping          |       |     1 |       |       ||     1
Armor: Animal skin       |    50 |    13 |    47 |       ||   110
       Troll leather arm |       |       |     1 |    51 ||    52
       Acid dragon scale |       |       |       |   138 ||   138
Dodge: Dodged            |    87 |    21 |   102 |   288 ||   498

Table legend: (Time is in decaauts)
 A = Elapsed time spent in this place.
 B = Non-inter-level travel time spent in this place.
 C = Inter-level travel time spent in this place.
 D = Time resting spent in this place.
 E = Time spent auto-exploring this place.
 F = Levels seen in this place.
 G = Mean time per level.
                   A        B        C        D        E       F      G
               +--------+--------+--------+--------+--------+-----+--------+
         Total |  11344 |  10871 |    473 |   1122 |   6546 |  14 |  810.3 |
       Dungeon |  11120 |  10669 |    451 |   1122 |   6358 |  13 |  855.4 |
        Temple |    223 |    202 |     21 |      0 |    188 |   1 |  223.0 |
               +--------+--------+--------+--------+--------+-----+--------+

Top non-repeatable levels by time:
     D:6: 1441 daAuts
    D:12: 1420 daAuts
    D:11: 1290 daAuts
     D:7: 1156 daAuts
    D:10: 998 daAuts
     D:3: 933 daAuts
     D:4: 815 daAuts
     D:1: 759 daAuts
     D:9: 723 daAuts
     D:8: 629 daAuts
     D:5: 465 daAuts
     D:2: 460 daAuts
  Temple: 223 daAuts
    D:13: 23 daAuts
